 Dungeon Crawl Stone Soup version 0.28.0-47-ge53b351184 (webtiles) character file.

Game seed: 4795399222964079104

46 greasedhog the Shield-Bearer (level 3, -3/29 HPs)
             Began as a Formicid Fighter on May 9, 2022.
             Slain by a worm (9 damage)
             ... on level 3 of the Dungeon.
             The game lasted 00:01:54 (1943 turns).

greasedhog the Shield-Bearer (Formicid Fighter)     Turns: 1943, Time: 00:01:55

Health: -3/29      AC:  6    Str: 22    XL:     3   Next: 95%
Magic:  4/4        EV:  9    Int:  7    God:
Gold:   96         SH:  4    Dex: 10    Spells: 4/4 levels left

rFire   . . .      SeeInvis +   a - +0 trident
rCold   . . .      Faith    .   c - +0 buckler
rNeg    . . .      Spirit   .   b - +0 scale mail
rPois   .          Reflect  .   (helmet unavailable)
rElec   .          Harm     .   (no cloak)
rCorr   .          Rampage  .   (no gloves)
Will    .....                   (no boots)
Stlth   ..........              (no amulet)
HPRegen 0.09/turn               (no ring)
MPRegen 0.09/turn               (no ring)

@: no status effects
A: permanent stasis, dig shafts and tunnels, antennae 3, four strong arms
a: Dig, Shaft Self


You were on level 3 of the Dungeon.
You visited 1 branch of the dungeon, and saw 3 of its levels.

You collected 96 gold pieces.

Inventory:

Hand Weapons
 a - a +0 trident (weapon)
Armour
 b - a +0 scale mail (worn)
 c - a +0 buckler (worn)
Scrolls
 e - a scroll of teleportation {unknown}
 h - a scroll of vulnerability
Potions
 d - 2 potions of might
 f - 2 potions of curing
 i - a potion of resistance {unknown}
 j - a potion of mutation {unknown}


   Skills:
 - Level 3.2 Fighting
 * Level 3.1 Polearms
 - Level 3.2 Armour
 * Level 4.3 Shields
 - Level 1.0 Spellcasting


You had 4 spell levels left.
You didn't know any spells.
Your spell library was empty.

Dungeon Overview and Level Annotations

Branches:
Dungeon (3/15)

Altars:


Innate Abilities, Weirdness & Mutations

You cannot be hasted, slowed, berserked, paralysed or teleported.
You can dig through walls and to a lower floor.
You have a pair of large antennae on your head. (SInv)
Your four strong arms can wield two-handed weapons with a shield.


Message History

a +0 whip; 5 stones HP restored.
You now have 96 gold pieces (gained 10).
Things that are here:
a +0 whip; 5 stones
There is a stone staircase leading up here.
You sense a monster nearby.
e - a scroll labelled ZEHATA ASTROHID
Found 26 stones.
Found a hunting sling.
Found 19 stones.
You see here 26 stones.
A worm comes into view.
A worm is nearby!
You reach to attack!
You puncture the worm!
The worm is heavily wounded.
You barely miss the worm.
The worm is heavily wounded.
You barely miss the worm.
The worm is heavily wounded.
The worm bites you.
You hit the worm.
The worm is heavily wounded.
The worm bites you.
You hit the worm.
The worm is heavily wounded.
The worm bites you.
You barely miss the worm.
The worm is heavily wounded.
You puncture the worm!
The worm is almost dead.
The worm bites you!
* * * LOW HITPOINT WARNING * * *
You are too injured to fight recklessly!
You are too injured to fight recklessly!
You are too injured to fight recklessly!
You barely miss the worm.
The worm is almost dead.
The worm bites you!
You die...

...##.# #.)<......##
#..#.# #...†......#
#.#.# #..........#
###...#####..........#
#.....(..............#
#.....#####..........#
####.)...# ##........#
.....(..#######.........
##...........@##########
...##########.w...# .#
#####.# { {


You could see a worm.

Vanquished Creatures
  An adder (D:2)
  A worm (D:2)
  2 dart slugs (D:1)
  2 endoplasms (D:2)
  2 giant cockroaches (D:2)
  3 goblins
  A hobgoblin (D:1)
  A quokka (D:2)
  3 ball pythons
  4 bats
  3 frilled lizards (D:2)
  6 kobolds
  3 rats (D:2)
  A spectral goblin (D:1)
33 creatures vanquished.

Notes
Turn   | Place    | Note
-------+----------+-------------------------------------------
     0 | D:1      | greasedhog the Formicid Fighter began the quest for the
                  | Orb.
     0 | D:1      | Reached XP level 1. HP: 18/18 MP: 1/1
    86 | D:1      | Found a faded altar of an unknown god.
   335 | D:1      | Reached XP level 2. HP: 23/24 MP: 2/2
   362 | D:1      | Reached skill level 4 in Shields
   896 | D:2      | Reached XP level 3. HP: 29/29 MP: 4/4
  1842 | D:2      | Reached skill level 1 in Spellcasting
  1943 | D:3      | Slain by a worm

Illustrated notes

Levels and vault maps discovered:
D:1:      dpeg_arrival_long_road, layout_basic,
          dreamdust_ecumenical_altar_drowned_temple
D:2:      layout_basic
D:3:      layout_rooms, mainiacjoe_overflow_alcove_4, hangedman_feature_mirror

Skill      XL: |  1  2  3 |
---------------+----------+-----
Shields        | 4 |  4.3
Polearms       | 3 |  3.1
Spellcasting   | 1 |  1.0
Fighting       | |  3.2
Armour         | |  3.2

Action                   || total
-------------------------++-------
Melee: Trident           ||   106
  Use: Scroll            ||     3
Armor: Scale mail        ||    40
Dodge: Dodged            ||    33
Block: Buckler           ||    20
